 Dungeon Crawl Stone Soup version 0.26-a0-1033-gd598b01645 (webtiles) character file.

Game seed: 18294437208908986758

42 wythoutpain the Vandal (level 3, -1/24 HPs)
             Began as a Halfling Hunter on Dec 10, 2020.
             Killed by nerve-wracking pain
             ... invoked by an orc priest
              (13 damage)
             ... on level 2 of the Dungeon.
             The game lasted 00:34:33 (1015 turns).

wythoutpain the Vandal (Halfling Hunter)            Turns: 1015, Time: 00:34:33

Health: -1/24      AC:  3    Str: 14    XL:     3   Next: 80%
Magic:  3/3        EV: 14    Int:  9    God:
Gold:   73         SH:  0    Dex: 14    Spells: 2/2 levels left

rFire    . . .     SeeInvis .   a - +1 hunting sling
rCold    . . .     Faith    .   (shield restricted)
rNeg     . . .     Spirit   .   j - +0 leather armour (curse)
rPois    .         Reflect  .   (no helmet)
rElec    .         Harm     .   (no cloak)
rCorr    .         Rampage  .   (no gloves)
Will     .....                  (no boots)
Stlth    ++........             (no amulet)
HPRegen  0.08/turn              (no ring)
MPRegen  0.08/turn              (no ring)

@: no status effects
A: small, mutation resistance 1
a: no special abilities


You were on level 2 of the Dungeon.
You visited 1 branch of the dungeon, and saw 2 of its levels.

You collected 73 gold pieces.

Inventory:

Hand Weapons
 a - a +1 hunting sling (weapon)
 b - a +0 short sword
Missiles
 d - 35 sling bullets (quivered ammo)
 f - 22 stones
 o - 16 bolts
Armour
 c - a +0 leather armour
 j - a cursed +0 leather armour (worn)
 q - a +1 chain mail of poison resistance
Scrolls
 g - a scroll of fog {unknown}
 k - a scroll of remove curse {unknown}
 l - a scroll of identify {unknown}
 n - a scroll of immolation {unknown}
 p - a scroll of enchant weapon {unknown}
Potions
 e - 2 potions of lignification {unknown}
 h - a potion of curing {unknown}
 i - a potion of cancellation {unknown}
 m - a potion of magic {unknown}


   Skills:
 + Level 2.2 Fighting
 + Level 0.8 Short Blades
 + Level 6.8 Slings
 + Level 2.4 Dodging
 + Level 1.3 Stealth


You had 2 spell levels left.
You didn't know any spells.
Your spell library was empty.

Dungeon Overview and Level Annotations

Branches:
Dungeon (2/15)

Altars:


Innate Abilities, Weirdness & Mutations

You are small and have problems with some larger weapons.
You are somewhat resistant to further mutation.


Message History

The orc barely misses you.
You hit the orc.
You kill the orc!
The orc priest mumbles some strange prayers to Beogh against you.
Beogh smites you!
Ouch! That really hurt!
Things that are here:
a +0 flail; a +1 chain mail of poison resistance
q - a +1 chain mail of poison resistance
Okay, then.
a - a +1 hunting sling (weapon)
Fire: 36 sling bullets
Press: ? - help, Q - select action, (/) - cycle Shift-Dir - straight line, f - orc priest
Aim: an orc priest, wielding a +0 dagger and wearing a +0 chain mail You shoot a sling bullet.
The sling bullet hits the orc priest but does no damage.
The orc priest invokes the aid of Beogh against you.
Pain shoots through your body!
Ouch! That really hurt!
You die...

# #.###...........## #.
#................#
#.#######..#####.......
#...# #..# #.........
###.# #..# #.#.......
#)#####..###.##.....#
##............###...##
#...#########..###.##
#....@.(...###.###.#
#...........##.....#
#.......((o.$#..####
#..........)⌠#..#
#...........$#.##
...#.........##.#
#.)..........###.#
#..##.######## ..# ..#


You could see an orc priest.

Vanquished Creatures
  A dart slug (D:1)
  5 orcs (D:2)
  2 bats (D:1)
  3 giant cockroaches (D:1)
  3 goblins (D:1)
  4 hobgoblins (D:1)
  A ball python (D:1)
  5 frilled lizards (D:1)
  4 kobolds (D:1)
  7 rats (D:1)
35 creatures vanquished.

Notes
Turn   | Place    | Note
-------+----------+-------------------------------------------
     0 | D:1      | wythoutpain the Halfling Hunter began the quest for the
                  | Orb.
     0 | D:1      | Reached XP level 1. HP: 14/14 MP: 1/1
    61 | D:1      | Reached skill level 6 in Slings
   115 | D:1      | Reached XP level 2. HP: 19/19 MP: 2/2
   270 | D:1      | Reached XP level 3. HP: 24/24 MP: 3/3
  1015 | D:2      | Killed from afar by an orc priest

Illustrated notes

Levels and vault maps discovered:
D:1:      dpeg_arrival_lava_temple_mockup, layout_basic, minmay_unequal
D:2:      cheibrodos_pilgrimage, layout_loops_ring,
          lemuel_coloured_pillars_altar

Skill      XL: |  1  2 |
---------------+-------+-----
Slings         | 6 |  6.8
Fighting       | 2 |  2.2
Short Blades   | |  0.8
Dodging        | |  2.4
Stealth        | |  1.3

Action                   || total
-------------------------++-------
Melee: Short sword       ||    62
 Fire: Hunting sling     ||    32
Armor: Leather armour    ||    10
Dodge: Dodged            ||    47

Table legend: (Time is in decaauts)
 A = Elapsed time spent in this place.
 B = Non-inter-level travel time spent in this place.
 C = Inter-level travel time spent in this place.
 D = Time resting spent in this place.
 E = Time spent auto-exploring this place.
 F = Levels seen in this place.
 G = Mean time per level.
                   A        B        C        D        E       F      G
               +--------+--------+--------+--------+--------+-----+--------+
         Total |   1008 |    944 |     64 |      0 |    315 |   2 |  504.0 |
       Dungeon |   1008 |    944 |     64 |      0 |    315 |   2 |  504.0 |
               +--------+--------+--------+--------+--------+-----+--------+

Top non-repeatable levels by time:
     D:1: 896 daAuts
     D:2: 111 daAuts
